 Dungeon Crawl Stone Soup version 0.28-a0-1524-ge72afd5fc6 (webtiles) character file.

Game seed: 11844856076875312211

39 frimble the Grasshopper (level 3, -2/27 HPs)
             Began as a Demonspawn Warper on Jan 18, 2022.
             Slain by an iguana (13 damage)
             ... on level 3 of the Dungeon.
             The game lasted 00:01:37 (2237 turns).

frimble the Grasshopper (Demonspawn Warper)         Turns: 2237, Time: 00:01:37

Health: -2/27      AC:  4    Str: 11    XL:     3   Next: 26%
Magic:  4/6        EV: 11    Int: 16    God:
Gold:   81         SH:  4    Dex: 12    Spells: 4/6 levels left

rFire   . . .      SeeInvis .   a - +0 short sword
rCold   . . .      Faith    .   (no shield)
rNeg    . . .      Spirit   .   b - +1 leather armour
rPois   .          Reflect  .   (no helmet)
rElec   .          Harm     .   (no cloak)
rCorr   .          Rampage  .   (no gloves)
Will    .....                   (no boots)
Stlth   +.........              (no amulet)
HPRegen 0.09/turn               (no ring)
MPRegen 0.10/turn               (no ring)

@: very slightly contaminated
A: large bone plates 1, weakness stinger 1
a: no special abilities


You were on level 3 of the Dungeon.
You visited 1 branch of the dungeon, and saw 3 of its levels.

You collected 81 gold pieces.

Inventory:

Hand Weapons
 a - a +0 short sword (weapon)
Missiles
 d - 2 boomerangs of dispersal (quivered)
 g - 5 javelins
Armour
 b - a +1 leather armour (worn)
Scrolls
 c - a scroll of blinking
 f - 3 scrolls of teleportation
 h - a scroll of immolation
Potions
 e - 2 potions of berserk rage
 i - a potion of heal wounds {unknown}
 j - 2 potions of mutation {unknown}
 l - a potion of curing {unknown}


   Skills:
 - Level 2.0 Fighting
 + Level 2.2 Short Blades
 + Level 1.5 Throwing
 - Level 0.8 Armour
 + Level 2.2 Dodging
 - Level 2.0 Spellcasting
 + Level 3.0 Translocations


You had 4 spell levels left.
You knew the following spells:

 Your Spells              Type           Power      Damage    Failure   Level
a - Blink                 Tloc           22%        N/A       12%         2

Your spell library contained the following spells:

 Spells                   Type           Power      Damage    Failure   Level
 Gell's Gravitas          Tloc           11%        N/A       22%         3
 Lesser Beckoning         Tloc           11%        N/A       22%         3
 Teleport Other           Tloc           11%        N/A       22%         3
 Manifold Assault         Tloc           11%        N/A       91%         5


Dungeon Overview and Level Annotations

Branches:
Dungeon (3/15)

Altars:


Innate Abilities, Weirdness & Mutations

You are partially covered in large bone plates. (SH +4)
You have a small tail.


Message History

Press: ? - help, Q - select action, (/) - cycle Shift-Dir - straight line, f - iguana
Aim: an iguana (61% to hit)
You throw a boomerang of dispersal.
The boomerang of dispersal barely misses the iguana.
Throw: 4 boomerangs (disperse)
Press: ? - help, Q - select action, (/) - cycle Shift-Dir - straight line, f/p - iguana
Aim: an iguana (61% to hit)
You throw a boomerang of dispersal.
The boomerang of dispersal hits the iguana but does no damage.
Throw: 3 boomerangs (disperse)
Press: ? - help, Q - select action, (/) - cycle Shift-Dir - straight line, f/p - iguana
Aim: an iguana (61% to hit)
You throw a boomerang of dispersal.
The boomerang of dispersal completely misses the iguana.
You closely miss the iguana. The iguana barely misses you.
You hit the iguana but do no damage. The iguana bites you.
You hit the iguana but do no damage. The iguana bites you.
You barely miss the iguana. Your punch misses the iguana.
The iguana misses you.
You barely miss the iguana.
Your tail-slap misses the iguana.
You block the iguana's attack.
You closely miss the iguana. You block the iguana's attack.
You hit the iguana but do no damage. The iguana bites you.
You closely miss the iguana. The iguana bites you.
You hit the iguana.
The iguana is moderately wounded.
The iguana bites you.
You closely miss the iguana.
The iguana is moderately wounded.
You block the iguana's attack.
You hit the iguana but do no damage.
The iguana is moderately wounded.
The iguana bites you but does no damage.
There is an open door here.
Casting: Blink (safe; 12% risk of failure)
Confirm with . or Enter, or press ? or * to list all spells.
You miscast Blink.
You are very lightly contaminated with residual magic.
Nothing appears to happen.
The iguana bites you!
You die...

##### #...#
#...# #...#
########...##
#.....l@....#
#.######....#
#....# ####.#
######### #.#
#.......#
#.####.#####.#
#.#....#<..#.#
#†#.######.#.#
#.#........#.#


You could see an iguana.

Vanquished Creatures
  A worm (D:3)
  A dart slug (D:2)
  3 ball pythons
  2 bats
  2 endoplasms (D:1)
  2 giant cockroaches
  2 hobgoblins
  4 jackals (D:2)
  2 quokkas
  A frilled lizard (D:2)
  3 goblins (D:2)
  3 kobolds (D:1)
  3 rats
29 creatures vanquished.

Notes
Turn   | Place    | Note
-------+----------+-------------------------------------------
     0 | D:1      | frimble the Demonspawn Warper began the quest for the Orb.
     0 | D:1      | Reached XP level 1. HP: 16/16 MP: 3/3
    85 | D:1      | Reached skill level 1 in Throwing
   380 | D:1      | Gained mutation: You are partially covered in large bone
                  | plates. (SH +4) [demonic ancestry]
   380 | D:1      | Reached XP level 2. HP: 22/22 MP: 5/5
   966 | D:1      | Learned a level 2 spell: Blink
  1440 | D:2      | Reached skill level 3 in Translocations
  1515 | D:2      | Found a faded altar of an unknown god.
  1756 | D:2      | Gained mutation: You have a small tail. [demonic ancestry]
  1756 | D:2      | Reached XP level 3. HP: 25/27 MP: 6/6
  2237 | D:3      | Slain by an iguana

Illustrated notes

Levels and vault maps discovered:
D:1:      dpeg_arrival_refuge, layout_loops_ring
D:2:      layout_basic, serial_rivers, chequers_serial_rivers_small_b,
          chequers_serial_rivers_small_3, chequers_serial_rivers_micro_a,
          chequers_serial_rivers_room_b, shapermc_ecumenical_altar_venn,
          minmay_door_square
D:3:      layout_basic, uniq_terence

Skill      XL: |  1  2 |
---------------+-------+-----
Throwing       | 1 |  1.5
Short Blades   | 2 |  2.2
Dodging        | 2 |  2.2
Translocations | 3 |  3.0
Fighting       | |  2.0
Armour         | |  0.8
Spellcasting   | |  2.0

Action                   || total
-------------------------++-------
Melee: Short sword       ||   127
       Tailslap          ||     4
       Punch             ||     2
Throw: Boomerang         ||     3
  Use: Scroll            ||     7
Armor: Leather armour    ||    20
Dodge: Dodged            ||    58
Block: Other             ||    16

Table legend: (Time is in decaauts)
 A = Elapsed time spent in this place.
 B = Non-inter-level travel time spent in this place.
 C = Inter-level travel time spent in this place.
 D = Time resting spent in this place.
 E = Time spent auto-exploring this place.
 F = Levels seen in this place.
 G = Mean time per level.
                   A        B        C        D        E       F      G
               +--------+--------+--------+--------+--------+-----+--------+
         Total |   2243 |   2174 |     69 |      0 |   1909 |   3 |  747.7 |
       Dungeon |   2243 |   2174 |     69 |      0 |   1909 |   3 |  747.7 |
               +--------+--------+--------+--------+--------+-----+--------+

Top non-repeatable levels by time:
     D:2: 1110 daAuts
     D:1: 992 daAuts
     D:3: 141 daAuts
